 Dungeon Crawl Stone Soup: Circus Animals version 1.7-37-g2c94cca (webtiles) character file.

555 Ihatecarrots00 the Chopper (level 10, -7/258 HPs) *EASY*
             Began as a Lava Orc Berserker on Sept 2, 2016.
             Was the Champion of Trog.
             Mangled by a death yak (15 damage)
             ... on level 2 of the Lair of Beasts.
             The game lasted 00:27:32 (9683 turns).

Ihatecarrots00 the Chopper (Lava Orc Berserker)     Turns: 9683, Time: 00:27:32

HP:   -7/258 (217)  AC: 18    Str: 33    XL:     10   Next: 5%
MP:   100/100       EV:  7    Int:  8    God:    Trog [******]
Gold: 115           SH:  0    Dex: 10    Spells: 0 memorised, 9 levels left

rFire  + + +     rPois    .     x - +1 broad axe (flame)
rCold  x . .     rElec    .     f - +1 plate armour
rNeg   . . .     rCorr    .     (no shield) MagicSh . . . SeeInvis .
                                c - +1 helmet StaminaSh . . . Faith .
                                (no cloak) RegenHP +++++.....
SustAt .                        (no gloves) RegenSP +++....... Dismiss .
                                i - +0 pair of boots RegenMP +++....... Reflect .
                                (no amulet)
MR     .....     Harm     .     (no ring)
Stlth  ..........               (no ring)

@: berserking, drained, very quick, not resistant to hostile enchantments,
extremely unstealthy
A: no striking features
a: Berserk, Trog's Hand, Brothers in Arms, Burn Spellbooks, Renounce Religion


You were on level 2 of the Lair of Beasts.
You worshipped Trog.
Trog was exalted by your worship.
You were not hungry.

You visited 2 branches of the dungeon, and saw 9 of its levels.

You collected 480 gold pieces.
You spent 365 gold pieces at shops.

Inventory:

Hand Weapons
 d - a +2 hand axe of chopping
 q - a +0 battleaxe
 r - a +1 great sword
 x - a +1 broad axe of flaming (weapon)
Armour
 b - a +0 animal skin
 c - a +1 helmet (worn)
 e - a +0 scale mail
 f - a +1 plate armour (worn)
 g - a +0 chain mail
 i - a +0 pair of boots (worn)
 l - the cursed +0 pair of boots "Aczuuto" {Int+3 SP-25 Stlth+, unknown}
   (You found it on level 4 of the Dungeon)

   It affects your intelligence (+3).
   It affects your stamina capacity (-25).
   It makes you more stealthy.
   It has a curse placed upon it.
   (100)
Rods
 k - a +2 rod of ignition (13/13)
   (You found it on level 4 of the Dungeon)
Jewellery
 h - an uncursed amulet of stamina shield
 m - a +2 ring of protection
 o - an uncursed amulet of stamina regeneration {unknown}
 v - a +5 ring of protection
 w - a cursed ring of teleportation {unknown}
Wands
 n - a wand of polymorph (4/24)
 s - a wand of enslavement (11/24)
 u - a wand of random effects (43/96)
Scrolls
 d - 3 scrolls of blinking
 e - 2 scrolls of enchant weapon
 h - 2 scrolls of teleportation
 p - 2 scrolls of noise
 s - a scroll of immolation
 w - 6 scrolls of fog
 x - 2 scrolls of identify
Potions
 a - 4 potions of heal wounds
 b - 7 potions of stamina
 c - 8 potions of magic
 f - 2 potions of agility
 g - 9 potions of degeneration
 i - 4 potions of invisibility {unknown}
 j - 2 potions of cure mutation {unknown}
 k - a potion of experience {unknown}
 l - a potion of might {unknown}
 n - 5 potions of curing {unknown}
 o - a potion of brilliance {unknown}
 q - a potion of resistance {unknown}
 t - 5 potions of lignification {unknown}
 u - 2 potions of mutation {unknown}
 v - a potion of ambrosia {unknown}
 z - a potion of haste {unknown}
 A - a potion of flight {unknown}
Books
 m - a book of Necromancy

   Spells                             Type                      Level
   a - Pain                           Necromancy                   1
   b - Animate Skeleton               Necromancy                   1
   c - Vampiric Draining              Hexes/Necromancy             3
   d - Regeneration                   Charms/Necromancy            3
   e - Animate Dead                   Transmutation/Necromancy     4
   f - Control Undead                 Hexes/Necromancy             4
   Trog disapproves of the use of such an item.
 r - a book of Debilitation

   Spells                             Type                      Level
   a - Corona                         Hexes/Light                  1
   b - Slow                           Hexes/Time                   2
   c - Tukima's Dance                 Hexes/Summoning              3
   d - Inner Flame                    Hexes/Fire/Time              3
   e - Cause Fear                     Hexes/Darkness               4
   f - Summon Mana viper              Hexes/Summoning              5
   Trog disapproves of the use of such an item.


   Skills:
 * Level 7.1(7.0) Fighting
 * Level 7.5(7.4) Axes
 + Level 4.5(4.4) Armour
 + Level 3.3(3.2) Dodging


You had 9 spell levels left.
You didn't know any spells.

Dungeon Overview and Level Annotations

Branches:
Dungeon (7/7)                Lair (2/7) D:7
 Shoals: Lair:2-6     Snake: Lair:2-6     Swamp: Lair:2-6

Altars:
Dithmenos
Hepliaklqana
Kikubaaqudgha
Makhleb
Nemelex Xobeh
Pakellas
Trog

Shops:
D:4 =   D:6 (*[}   D:7 :


Message History

The death yak gores you! (hp-9)
* * * LOW HITPOINT WARNING * * *; The death yak is singed by your heat. (mon hp-2)
The porcupine is burned by your radiant heat. (mon hp-5)
You kill the porcupine!
Trog accepts your kill.
You closely miss the death yak. You slice the death yak!! (mon hp-18)
You burn the death yak. (mon hp-5)
You completely miss the death yak. You slash the death yak! (mon hp-15)
You burn the death yak. (mon hp-5)
You slash the plant! You burn the plant. You closely miss the death yak.
The death yak is burned by your radiant heat. (mon hp-3)
The death yak gores you. (hp-5)
* * * LOW HITPOINT WARNING * * *; The death yak is singed by your heat. (mon hp-1)
The death yak is burned by your radiant heat. (mon hp-4)
The death yak gores you!! (hp-18)
* * * LOW HITPOINT WARNING * * *; The death yak is singed by your heat. (mon hp-1)
The death yak gores you but does no damage.
The death yak is singed by your heat. (mon hp-3)
The death yak is burned by your radiant heat. (mon hp-4)
The death yak gores you! (hp-15)
You die...

.......... ...#
......... #..# ........
#..# ## #..#..##
##..###.# ##PP#...###
P..#...###
....[.....#####.!.......
##.#...#................
#...............YY......
#...###.#.#.#..P@†.##P.
#...######.....YYY......
.....# ##.............
P....######.............
.........##.............
.P#......#......≈≈≈≈≈≈≈.
.##............≈≈≈≈≈≈≈≈≈
. #......#P...≈≈≈#####≈≈
. ##....###...≈≈##


You could see 5 death yaks.

Vanquished Creatures
  A black mamba (Lair:1)
  A komodo dragon (Lair:1)
  A spiny frog (Lair:1)
  Grinder (D:3)
  5 blink frogs (Lair:1)
  A spriggan (D:7)
  3 hippogriffs (Lair:1)
  Duvessa (D:5)
  15 yaks (Lair:1)
  A basilisk (Lair:1)
  6 water moccasins (Lair:1)
  6 ice beasts
  4 sky beasts
  8 ogres
  Dowan (D:5)
  3 crocodiles (Lair:1)
  Jessica (D:2)
  5 porcupines
  A big kobold (D:7)
  An orc warrior (D:6)
  3 centaurs
  5 giant frogs
  A wyvern skeleton (D:7)
  6 scorpions
  A giant frog zombie (D:5)
  2 centaur skeletons (D:7)
  A giant frog skeleton (D:5)
  2 electric eels
  A dart slug (D:1)
  7 hounds
  2 howler monkeys
  3 jellies
  5 orc priests
  8 orc wizards
  5 wights (D:6)
  6 giant geckos
  A gnoll shaman (D:6)
  A hell rat (D:7)
  8 iguanas
  17 orcs
  6 worker ants
  18 adders
  13 bats
  3 crimson imps
  9 giant cockroaches
  10 gnolls
  9 goblins
  9 hobgoblins
  9 jackals
  16 kobolds
  9 quokkas
  2 river rats (D:7)
  3 shadow imps
  3 adder skeletons
  An adder zombie (D:5)
  5 ball pythons
  A giant gecko skeleton (D:4)
  A giant gecko zombie (D:7)
  10 giant newts
  4 hound skeletons
  A hound zombie (D:5)
  A howler monkey zombie (D:7)
  7 oozes
  2 quokka skeletons
  A quokka zombie (D:7)
  15 rats
  A worker ant zombie (D:7)
  4 worms
  A fungus (Lair:2)
325 creatures vanquished.

Vanquished Creatures (others)
  A sphinx (D:3)
1 creature vanquished.

Grand Total: 326 creatures vanquished

Notes
Turn   | Place    | Note
-------+----------+-------------------------------------------
     0 | D:1      | Ihatecarrots00 the Lava Orc Berserker began the quest for the Orb.
     0 | D:1      | Reached XP level 1. HP: 39/39 MP: 100/100
   418 | D:1      | Reached XP level 2. HP: 51/51 MP: 100/100
   478 | D:1      | Reached XP level 3. HP: 63/63 MP: 100/100
   573 | D:1      | Reached ** piety under Trog
  1494 | D:2      | Noticed Jessica
  1500 | D:2      | Killed Jessica
  1500 | D:2      | Reached skill level 5 in Axes
  1500 | D:2      | Reached XP level 4. HP: 76/76 MP: 100/100
  1837 | D:2      | Reached *** piety under Trog
  2465 | D:3      | Noticed Grinder
  2469 | D:3      | Paralysed by Grinder for 3 turns
  2481 | D:3      | Paralysed by Grinder for 7 turns
  2484 | D:3      | Killed Grinder
  2484 | D:3      | Reached skill level 5 in Fighting
  2484 | D:3      | Reached XP level 5. HP: 80/88 MP: 100/100
  2536 | D:3      | Found a hazy altar of Hepliaklqana.
  2550 | D:3      | Found an ancient bone altar of Kikubaaqudgha.
  2661 | D:3      | Found a sparkling altar of Nemelex Xobeh.
  2661 | D:3      | Found a bloodstained altar of Trog.
  2812 | D:3      | Found an oddly glowing altar of Pakellas.
  2813 | D:3      | Noticed a sphinx
  2821 | D:3      | Killed a sphinx
  3077 | D:3      | Reached **** piety under Trog
  3997 | D:4      | Reached XP level 6. HP: 96/100 MP: 100/100
  4026 | D:4      | Found a shadowy altar of Dithmenos.
  4100 | D:4      | Reached ***** piety under Trog
  4186 | D:4      | Found a burning altar of Makhleb.
  4216 | D:4      | Got a pair of twisted boots
  4217 | D:4      | Identified a +1 rod of ignition (11/11) (You found it on level 4 of the Dungeon)
  4401 | D:4      | Found Buzohugo's Jewellery Emporium.
  4409 | D:4      | Bought a +2 ring of protection for 140 gold pieces
  4492 | D:5      | Entered Level 5 of the Dungeon
  4556 | D:5      | Received a gift from Trog
  4684 | D:5      | Noticed Duvessa
  4692 | D:5      | Noticed Dowan
  4695 | D:5      | Killed Duvessa
  4695 | D:5      | Killed Dowan
  4749 | D:5      | Reached XP level 7. HP: 112/112 MP: 100/100
  4940 | D:5      | Found a faded altar of an unknown god.
  5630 | D:6      | Found Oshuceb's Armour Boutique.
  5636 | D:6      | Found Vuumnatse's Gadget Boutique.
  5637 | D:6      | Found Waheis's General Store.
  5639 | D:6      | Found Vipnyall's Antique Weapon Boutique.
  5708 | D:6      | Bought a scroll of identify for 30 gold pieces
  5708 | D:6      | Bought a wand of enslavement (11/24) for 195 gold pieces
  6412 | D:7      | Entered Level 7 of the Dungeon
  6664 | D:7      | Reached XP level 8. HP: 101/101 MP: 100/100
  6989 | D:7      | Found Jiuvvoq's Book Shoppe.
  7464 | D:7      | Found a staircase to the Lair.
  7534 | D:7      | Reached ****** piety under Trog
  7810 | Lair:1   | Entered Level 1 of the Lair of Beasts
  7908 | Lair:1   | Received a gift from Trog
  8444 | Lair:1   | Reached XP level 9. HP: 92/106 MP: 100/100
  9188 | Lair:1   | Reached XP level 10. HP: 108/118 MP: 100/100
  9670 | Lair:2   | Noticed a death yak
  9671 | Lair:2   | Noticed a death yak
  9672 | Lair:2   | Noticed a death yak
  9672 | Lair:2   | Noticed a death yak
  9673 | Lair:2   | Noticed a death yak
  9683 | Lair:2   | HP: 8/258 [death yak (18)]
  9683 | Lair:2   | Mangled by a death yak

Skill      XL: |  1  2  3  4  5  6  7  8  9 |
---------------+----------------------------+-----
Axes           | 5 6 7 |  7.5
Dodging        | 2 3 |  3.3
Fighting       | 5 6 7 |  7.1
Armour         | 3 4 |  4.5

Action                   |  1- 3 |  4- 6 |  7- 9 | 10-12 || total
-------------------------+-------+-------+-------+-------++-------
Melee: Hand axe          |    92 |   392 |   124 |       ||   608
       Battleaxe         |       |       |   472 |       ||   472
       Broad axe         |       |       |   221 |    26 ||   247
Invok: Berserk           |       |       |     3 |     1 ||     4
  Use: Scroll            |       |    11 |     6 |       ||    17
 Stab: Sleeping          |     2 |     1 |       |       ||     3
Armor: Animal skin       |    11 |    10 |       |       ||    21
       Plate armour      |       |   172 |   672 |    32 ||   876
       Scale mail        |       |    12 |       |       ||    12
Dodge: Dodged            |    64 |   218 |   495 |    15 ||   792
